[ AOE2 MATCH · #471170168 ]
Team RMPersians vs Armenians
[ REPLAY ANALYSIS · EXTRACTED FROM THE RECORDED GAME ]
Feudal
11:57
Castle
15:08
Imperial
—
| APM avg | 32.6 |
| APM peak | 80 |
| eAPM avg | 15.5 |
| Villagers / military | 139 / 83 |
Focus
⚔️ 31.6% · 🌾 68.4%
Skirmisher ×39 · Spearman ×20 · Fishing Ship ×16 · Knight ×11 · Galley ×5 · Monk ×4
Feudal
12:18
Castle
17:23
Imperial
41:41
| APM avg | 26.2 |
| APM peak | 72 |
| eAPM avg | 12.3 |
| Villagers / military | 120 / 53 |
Focus
⚔️ 27.8% · 🌾 72.2%
Mameluke ×43 · Scout Cavalry ×10
Feudal
11:12
Castle
23:31
Imperial
43:47
| APM avg | 43.5 |
| APM peak | 78 |
| eAPM avg | 21.8 |
| Villagers / military | 150 / 44 |
Focus
⚔️ 20.7% · 🌾 79.3%
Archer ×33 · Unknown (2626) ×6 · Spearman ×4 · Monk ×3 · Trade Cart ×3 · Fishing Ship ×2
Feudal
11:52
Castle
21:39
Imperial
41:31
| APM avg | 9.1 |
| APM peak | 32 |
| eAPM avg | 8.0 |
| Villagers / military | 86 / 42 |
Focus
⚔️ 18.8% · 🌾 81.2%
Mameluke ×35 · Trade Cart ×20 · Trebuchet (Packed) ×4 · Monk ×3
Feudal
14:10
Castle
—
Imperial
—
| APM avg | 12.6 |
| APM peak | 58 |
| eAPM avg | 3.8 |
| Villagers / military | 35 / 0 |
Focus
⚔️ 12.5% · 🌾 87.5%
Fishing Ship ×7
Feudal
11:48
Castle
21:49
Imperial
38:04
| APM avg | 27.5 |
| APM peak | 56 |
| eAPM avg | 16.2 |
| Villagers / military | 145 / 90 |
Focus
⚔️ 23.4% · 🌾 76.6%
Camel Scout ×41 · Camel Archer ×23 · Knight ×19 · Fishing Ship ×11 · Scout Cavalry ×3 · Spearman ×2
Feudal
11:32
Castle
19:59
Imperial
38:44
| APM avg | 21.2 |
| APM peak | 44 |
| eAPM avg | 13.1 |
| Villagers / military | 99 / 132 |
Focus
⚔️ 21.9% · 🌾 78.1%
Scout Cavalry ×82 · Cavalry Archer ×50 · Fishing Ship ×7 · Trade Cart ×6
Feudal
13:33
Castle
17:14
Imperial
30:42
| APM avg | 23.8 |
| APM peak | 67 |
| eAPM avg | 15.6 |
| Villagers / military | 120 / 213 |
Focus
⚔️ 18.1% · 🌾 81.9%
Scout Cavalry ×206 · Mangudai ×5 · Monk ×2
Match map
Initial resources + every placement click. Lines = walls · curves = elevation contours. ◆ gold · ⬟ stone · ● berries · ✦ relic · ◌ wall gap
Your base· Open — unwalled flank
GIntonic8989's base· ✓ Closed at 17:23 · 100t walls · 1 gate(s)
cjds's base· Open — unwalled flank
Sumerian's base· Open — unwalled flank
Bantum's base· Open — unwalled flank
massimo_oddo's base· Open — unwalled flank
GotYah420's base· Open — unwalled flank
Pedro's base· Open — 15t gap
Smoothed initial terrain · ◌ = detected wall gap · hover for details
Inputs per minute
— TheSaiyanPR1NC3 - - GIntonic8989
Build order — TheSaiyanPR1NC3
First 150 of 355 actions detected
| 0:00 | Create | Villager (Male) |
| 0:01 | Create | Villager (Male) |
| 0:01 | Create | Villager (Male) |
| 0:02 | Build | House |
| 0:05 | Build | House |
| 0:14 | Create | Villager (Male) |
| 0:14 | Create | Villager (Male) |
| 1:24 | Create | Villager (Male) |
| 1:41 | Build | Lumber Camp |
| 1:55 | Create | Villager (Male) |
| 2:28 | Create | Villager (Male) |
| 2:39 | Create | Villager (Male) |
| 3:28 | Create | Villager (Male) |
| 3:54 | Create | Villager (Male) |
| 4:22 | Create | Villager (Male) |
| 4:23 | Create | Villager (Male) |
| 4:25 | Research | Loom |
| 4:29 | Build | House |
| 4:51 | Create | Villager (Male) |
| 4:51 | Create | Villager (Male) |
| 4:52 | Create | Villager (Male) |
| 5:24 | Build | Mill |
| 5:43 | Create | Villager (Male) |
| 5:43 | Create | Villager (Male) |
| 6:23 | Create | Villager (Male) |
| 6:23 | Create | Villager (Male) |
| 6:23 | Create | Villager (Male) |
| 6:55 | Build | House |
| 7:34 | Build | House |
| 7:58 | Build | Mill |
| 8:26 | Create | Villager (Male) |
| 8:26 | Create | Villager (Male) |
| 8:40 | Create | Villager (Male) |
| 9:11 | Build | Mining Camp |
| 9:13 | Research | Feudal Age |
| 9:26 | Build | Barracks |
| 10:28 | Build | Dock |
| 10:29 | Create | Villager (Male) |
| 10:29 | Create | Villager (Male) |
| 10:30 | Create | Villager (Male) |
| 11:57 | Age | Feudal Age |
| 11:59 | Build | Market |
| 12:00 | Build | Blacksmith |
| 12:42 | Research | Castle Age |
| 12:59 | Build | Lumber Camp |
| 13:11 | Research | Double-Bit Axe |
| 13:27 | Create | Villager (Male) |
| 13:48 | Create | Villager (Male) |
| 14:11 | Create | Villager (Male) |
| 14:11 | Create | Villager (Male) |
| 14:18 | Research | Horse Collar |
| 14:33 | Create | Fishing Ship |
| 14:43 | Build | Farm |
| 14:43 | Build | Farm |
| 15:08 | Age | Castle Age |
| 15:16 | Build | House |
| 15:20 | Research | Town Watch |
| 15:25 | Create | Villager (Male) |
| 15:25 | Create | Villager (Male) |
| 15:46 | Build | Barracks |
| 16:20 | Create | Fishing Ship |
| 16:31 | Create | Spearman |
| 16:31 | Create | Spearman |
| 16:31 | Create | Spearman |
| 16:38 | Build | Stable |
| 16:42 | Build | House |
| 16:47 | Build | House |
| 16:53 | Build | House |
| 17:06 | Build | House |
| 17:09 | Build | House |
| 17:57 | Create | Villager (Male) |
| 17:59 | Build | Stable |
| 18:08 | Build | Farm |
| 18:32 | Build | House |
| 18:55 | Create | Knight |
| 18:56 | Create | Knight |
| 18:56 | Create | Knight |
| 19:02 | Create | Fishing Ship |
| 19:36 | Create | Knight |
| 19:57 | Create | Villager (Male) |
| 19:57 | Create | Villager (Male) |
| 20:05 | Build | House |
| 20:26 | Create | Fishing Ship |
| 20:31 | Build | Farm |
| 20:33 | Create | Villager (Male) |
| 20:34 | Create | Villager (Male) |
| 20:41 | Create | Knight |
| 20:45 | Build | House |
| 20:49 | Build | Farm |
| 21:14 | Create | Villager (Male) |
| 21:14 | Create | Villager (Male) |
| 21:17 | Build | Farm |
| 21:28 | Build | Town Center |
| 21:37 | Create | Villager (Male) |
| 21:42 | Create | Fishing Ship |
| 21:54 | Build | House |
| 22:10 | Create | Villager (Male) |
| 22:11 | Create | Villager (Male) |
| 22:11 | Create | Villager (Male) |
| 22:32 | Create | Villager (Male) |
| 23:04 | Create | Villager (Male) |
| 23:04 | Create | Villager (Male) |
| 23:04 | Create | Villager (Male) |
| 23:08 | Build | House |
| 23:47 | Create | Knight ×2 |
| 23:51 | Build | Farm |
| 23:51 | Build | Farm |
| 23:56 | Create | Knight |
| 24:05 | Create | Fishing Ship |
| 24:06 | Create | Fishing Ship |
| 24:06 | Create | Fishing Ship |
| 24:06 | Create | Fishing Ship |
| 24:07 | Create | Fishing Ship |
| 24:17 | Research | Tech 906 |
| 24:45 | Create | Knight |
| 24:49 | Build | Farm |
| 24:54 | Build | Farm |
| 24:54 | Build | Farm |
| 24:55 | Build | Farm |
| 24:55 | Build | Farm |
| 24:59 | Build | Town Center |
| 25:05 | Create | Villager (Male) |
| 25:15 | Create | Villager (Male) |
| 25:15 | Create | Villager (Male) |
| 25:15 | Create | Villager (Male) |
| 25:22 | Build | Town Center |
| 25:30 | Build | Monastery |
| 25:36 | Create | Fishing Ship |
| 25:36 | Create | Fishing Ship |
| 25:36 | Create | Fishing Ship |
| 25:45 | Build | Farm |
| 25:46 | Create | Villager (Male) |
| 25:46 | Create | Villager (Male) |
| 26:22 | Create | Villager (Male) |
| 26:23 | Create | Villager (Male) |
| 26:25 | Create | Monk |
| 26:31 | Create | Villager (Male) |
| 26:32 | Create | Villager (Male) |
| 26:32 | Create | Villager (Male) |
| 26:32 | Create | Villager (Male) |
| 27:10 | Create | Monk |
| 27:27 | Research | Forging |
| 27:58 | Research | Husbandry |
| 28:02 | Create | Villager (Male) |
| 28:09 | Build | Farm |
| 28:09 | Build | Farm |
| 28:10 | Build | Farm |
| 28:10 | Build | Farm |
| 28:10 | Build | Farm |
| 28:10 | Build | Farm |
Build order — GIntonic8989
First 150 of 207 actions detected
| 0:03 | Create | Villager (Male) |
| 0:04 | Create | Villager (Male) |
| 0:05 | Build | House |
| 0:08 | Build | House |
| 0:09 | Create | Villager (Male) |
| 0:09 | Create | Villager (Male) |
| 0:10 | Create | Villager (Male) |
| 1:14 | Create | Villager (Male) |
| 1:17 | Research | Loom |
| 2:21 | Create | Villager (Male) |
| 2:34 | Create | Villager (Male) |
| 2:34 | Create | Villager (Male) |
| 2:35 | Create | Villager (Male) |
| 3:08 | Build | Lumber Camp |
| 3:20 | Create | Villager (Male) |
| 3:20 | Create | Villager (Male) |
| 3:46 | Create | Villager (Male) |
| 3:46 | Create | Villager (Male) |
| 3:52 | Build | House |
| 3:53 | Build | House |
| 4:25 | Create | Villager (Male) |
| 4:45 | Create | Villager (Male) |
| 5:13 | Create | Villager (Male) |
| 5:13 | Create | Villager (Male) |
| 5:22 | Build | House |
| 5:22 | Build | House |
| 5:41 | Create | Villager (Male) |
| 5:41 | Create | Villager (Male) |
| 6:18 | Build | Mill |
| 7:05 | Build | Mill |
| 7:17 | Build | Palisade Wall |
| 7:20 | Build | Palisade Wall |
| 7:36 | Create | Villager (Male) |
| 7:36 | Create | Villager (Male) |
| 7:36 | Create | Villager (Male) |
| 7:41 | Create | Villager (Male) |
| 8:34 | Build | Palisade Wall |
| 8:42 | Create | Villager (Male) |
| 8:44 | Create | Villager (Male) |
| 8:58 | Build | Mining Camp |
| 9:13 | Build | Palisade Wall |
| 10:08 | Research | Feudal Age |
| 10:44 | Create | Villager (Male) |
| 10:44 | Create | Villager (Male) |
| 11:24 | Create | Villager (Male) |
| 11:41 | Build | Mill |
| 11:56 | Build | Palisade Wall |
| 12:03 | Build | Palisade Wall |
| 12:18 | Age | Feudal Age |
| 12:31 | Build | Market |
| 13:14 | Build | Blacksmith |
| 13:21 | Create | Villager (Male) |
| 14:04 | Build | Palisade Wall |
| 14:10 | Build | Palisade Gate |
| 14:43 | Research | Castle Age |
| 14:53 | Build | Palisade Wall |
| 15:56 | Create | Villager (Male) |
| 15:57 | Create | Villager (Male) |
| 16:02 | Build | Mining Camp |
| 16:07 | Research | Double-Bit Axe |
| 16:34 | Create | Villager (Male) |
| 16:39 | Research | Horse Collar |
| 16:51 | Build | Lumber Camp |
| 17:23 | Age | Castle Age |
| 17:41 | Create | Villager (Male) |
| 17:41 | Create | Villager (Male) |
| 17:42 | Create | Villager (Male) |
| 17:42 | Create | Villager (Male) |
| 18:16 | Build | Town Center |
| 18:33 | Build | Farm |
| 18:34 | Build | Farm |
| 18:34 | Build | Farm |
| 18:48 | Build | Farm |
| 18:52 | Build | Farm |
| 19:13 | Build | Farm |
| 19:34 | Build | Farm |
| 19:37 | Build | Farm |
| 19:38 | Build | Farm |
| 19:57 | Create | Villager (Male) |
| 19:57 | Create | Villager (Male) |
| 20:33 | Create | Villager (Male) |
| 20:33 | Create | Villager (Male) |
| 20:38 | Build | Farm |
| 20:38 | Build | Farm |
| 20:39 | Build | Farm |
| 20:39 | Build | Farm |
| 20:39 | Build | Farm |
| 20:39 | Build | Farm |
| 20:39 | Build | Farm |
| 20:40 | Build | Farm |
| 20:40 | Build | Farm |
| 20:44 | Create | Villager (Male) |
| 20:44 | Create | Villager (Male) |
| 21:04 | Build | House |
| 21:16 | Create | Villager (Male) |
| 21:16 | Create | Villager (Male) |
| 21:23 | Build | Farm |
| 21:24 | Build | Farm |
| 21:31 | Build | Farm |
| 21:38 | Create | Villager (Male) |
| 21:39 | Create | Villager (Male) |
| 21:48 | Build | Castle |
| 21:58 | Build | Farm |
| 22:10 | Create | Villager (Male) |
| 22:10 | Create | Villager (Male) |
| 22:16 | Build | Farm |
| 22:20 | Create | Villager (Male) |
| 22:20 | Create | Villager (Male) |
| 22:23 | Create | Villager (Male) |
| 22:23 | Create | Villager (Male) |
| 22:36 | Build | House |
| 22:51 | Create | Villager (Male) |
| 22:51 | Create | Villager (Male) |
| 22:54 | Build | Farm |
| 23:11 | Build | House |
| 23:12 | Build | House |
| 23:13 | Build | House |
| 23:14 | Build | House |
| 23:24 | Create | Villager (Male) |
| 23:25 | Create | Villager (Male) |
| 23:29 | Research | Bow Saw |
| 23:49 | Research | Heavy Plow |
| 24:09 | Build | Farm |
| 24:09 | Build | Farm |
| 24:09 | Build | Farm |
| 24:10 | Build | Farm |
| 24:10 | Build | Farm |
| 24:24 | Create | Villager (Male) ×4 |
| 24:26 | Create | Villager (Male) |
| 24:27 | Create | Villager (Male) |
| 24:36 | Create | Villager (Male) |
| 24:39 | Create | Villager (Male) |
| 24:39 | Create | Villager (Male) |
| 24:56 | Build | Town Center |
| 25:05 | Create | Villager (Male) ×2 |
| 25:21 | Build | Farm |
| 25:25 | Build | Farm |
| 25:30 | Build | Farm |
| 25:34 | Build | Farm |
| 25:39 | Build | Farm |
| 25:46 | Create | Villager (Male) |
| 25:47 | Create | Villager (Male) |
| 26:03 | Build | Farm |
| 26:20 | Create | Villager (Male) ×5 |
| 26:22 | Research | Wheelbarrow |
| 26:30 | Build | Farm |
| 26:31 | Build | Farm |
| 26:39 | Build | Farm |
| 26:41 | Build | Farm |
| 26:46 | Create | Villager (Male) ×5 |
Build order — cjds
First 150 of 370 actions detected
| 0:02 | Create | Villager (Male) |
| 0:02 | Create | Villager (Male) |
| 0:02 | Create | Villager (Male) |
| 0:03 | Build | House |
| 0:06 | Build | House |
| 0:17 | Create | Villager (Male) |
| 1:35 | Create | Villager (Male) |
| 1:56 | Build | Mule Cart |
| 1:56 | Create | Villager (Male) |
| 2:33 | Create | Villager (Male) |
| 2:58 | Create | Villager (Male) |
| 3:07 | Build | House |
| 3:08 | Build | House |
| 3:26 | Create | Villager (Male) |
| 3:52 | Build | Mill |
| 3:55 | Create | Villager (Male) |
| 4:22 | Create | Villager (Male) |
| 4:45 | Create | Villager (Male) |
| 5:14 | Research | Loom |
| 5:20 | Create | Villager (Male) |
| 5:56 | Create | Villager (Male) |
| 6:09 | Build | Mill |
| 6:22 | Create | Villager (Male) |
| 6:31 | Create | Villager (Male) |
| 6:36 | Create | Villager (Male) |
| 7:02 | Build | Farm |
| 7:26 | Create | Villager (Male) |
| 7:53 | Build | Farm |
| 8:01 | Create | Villager (Male) |
| 8:22 | Build | House |
| 8:43 | Build | Mule Cart |
| 9:02 | Research | Feudal Age |
| 9:05 | Build | Barracks |
| 10:01 | Build | House |
| 10:11 | Create | Villager (Male) |
| 10:12 | Create | Villager (Male) |
| 10:50 | Build | Farm |
| 11:01 | Create | Villager (Male) |
| 11:09 | Build | Farm |
| 11:12 | Age | Feudal Age |
| 11:22 | Build | Archery Range |
| 11:27 | Build | Archery Range |
| 11:28 | Create | Villager (Male) |
| 12:23 | Build | Blacksmith |
| 12:24 | Create | Archer |
| 12:29 | Create | Villager (Male) |
| 12:46 | Build | House |
| 12:52 | Create | Archer |
| 13:03 | Create | Spearman |
| 13:17 | Create | Villager (Male) |
| 13:25 | Research | Double-Bit Axe |
| 13:34 | Research | Fletching |
| 13:42 | Create | Villager (Male) |
| 13:53 | Create | Villager (Male) |
| 13:55 | Create | Archer |
| 14:09 | Create | Archer |
| 14:18 | Create | Archer |
| 14:53 | Create | Villager (Male) |
| 14:54 | Create | Villager (Male) |
| 14:54 | Create | Villager (Male) |
| 14:58 | Build | Farm |
| 14:58 | Build | Farm |
| 14:59 | Build | Farm |
| 14:59 | Build | Farm |
| 14:59 | Build | Farm |
| 15:10 | Create | Archer |
| 15:19 | Create | Archer |
| 15:21 | Build | Farm |
| 15:21 | Build | Farm |
| 15:21 | Build | Farm |
| 15:22 | Build | Farm |
| 15:22 | Build | Farm |
| 15:22 | Create | Villager (Male) |
| 15:24 | Build | House |
| 15:27 | Build | House |
| 15:41 | Create | Archer |
| 16:08 | Create | Archer |
| 16:14 | Create | Villager (Male) |
| 16:18 | Build | Farm |
| 16:19 | Build | Farm |
| 16:26 | Build | House |
| 16:28 | Build | Palisade Wall |
| 16:31 | Research | Horse Collar |
| 17:02 | Create | Archer |
| 17:03 | Create | Villager (Male) |
| 17:07 | Build | Mill |
| 17:08 | Build | Farm |
| 17:08 | Build | Farm |
| 17:08 | Build | Farm |
| 17:09 | Build | Farm |
| 17:10 | Create | Villager (Male) |
| 17:18 | Build | House |
| 17:20 | Build | Palisade Wall |
| 18:18 | Create | Villager (Male) |
| 18:20 | Create | Villager (Male) |
| 18:20 | Create | Villager (Male) |
| 18:21 | Research | Wheelbarrow |
| 18:23 | Build | Farm |
| 18:23 | Build | Farm |
| 18:23 | Build | Farm |
| 18:24 | Build | Farm |
| 18:24 | Build | Farm |
| 19:04 | Build | Farm |
| 19:11 | Create | Villager (Male) |
| 19:12 | Create | Villager (Male) |
| 19:20 | Build | Market |
| 19:22 | Research | Wheelbarrow |
| 19:44 | Build | House |
| 20:16 | Research | Castle Age |
| 20:22 | Build | Stone Wall |
| 20:25 | Build | Mule Cart |
| 20:55 | Build | Dock |
| 20:59 | Create | Archer |
| 20:59 | Create | Archer |
| 20:59 | Create | Villager (Male) |
| 21:04 | Research | Gold Mining |
| 21:14 | Research | Stone Mining |
| 21:23 | Build | Farm |
| 21:41 | Research | Padded Archer Armor |
| 21:49 | Create | Archer |
| 22:01 | Build | House |
| 22:10 | Build | Stone Wall |
| 22:21 | Build | Stone Wall |
| 22:22 | Create | Villager (Male) |
| 22:23 | Create | Villager (Male) |
| 22:34 | Create | Archer |
| 22:34 | Create | Archer |
| 22:38 | Create | Villager (Male) |
| 22:44 | Create | Spearman |
| 23:05 | Create | Spearman |
| 23:06 | Research | Pikeman (upgrade) |
| 23:31 | Age | Castle Age |
| 23:40 | Build | Town Center |
| 23:59 | Build | House |
| 24:01 | Build | Palisade Wall |
| 24:17 | Create | Villager (Male) |
| 24:42 | Create | Villager (Male) |
| 24:42 | Create | Villager (Male) |
| 24:43 | Create | Villager (Male) |
| 24:43 | Create | Villager (Male) |
| 24:47 | Create | Villager (Male) |
| 25:00 | Create | Villager (Male) |
| 25:09 | Build | Monastery |
| 25:10 | Create | Villager (Male) |
| 25:19 | Create | Demolition Raft |
| 25:32 | Create | Archer |
| 25:45 | Create | Fishing Ship |
| 25:46 | Create | Fishing Ship |
| 25:48 | Create | Villager (Male) |
| 25:48 | Create | Villager (Male) |
Build order — Sumerian
First 150 of 227 actions detected
| 0:14 | Build | House |
| 0:16 | Research | Loom |
| 0:17 | Create | Villager (Male) ×4 |
| 0:23 | Build | House |
| 0:24 | Build | House |
| 0:25 | Build | House |
| 1:15 | Build | Mill |
| 2:06 | Create | Villager (Male) |
| 2:41 | Create | Villager (Male) |
| 3:12 | Create | Villager (Male) |
| 3:38 | Create | Villager (Male) |
| 3:59 | Create | Villager (Male) |
| 4:23 | Create | Villager (Male) |
| 4:41 | Create | Villager (Male) |
| 5:04 | Create | Villager (Male) |
| 5:36 | Create | Villager (Male) ×2 |
| 5:44 | Build | Mill |
| 6:00 | Create | Villager (Male) |
| 6:36 | Create | Villager (Male) ×2 |
| 7:10 | Build | Lumber Camp |
| 7:15 | Create | Villager (Male) |
| 7:38 | Create | Villager (Male) |
| 7:56 | Build | Mining Camp |
| 8:39 | Create | Villager (Male) |
| 8:40 | Create | Villager (Male) |
| 9:16 | Build | Mining Camp |
| 9:42 | Research | Feudal Age |
| 10:05 | Build | House |
| 10:08 | Build | House |
| 10:09 | Build | House |
| 10:11 | Build | House |
| 10:13 | Build | House |
| 10:14 | Build | House |
| 10:17 | Build | House |
| 10:18 | Build | House |
| 10:20 | Build | House |
| 11:52 | Age | Feudal Age |
| 11:58 | Research | Wheelbarrow |
| 11:59 | Research | Town Watch |
| 12:37 | Create | Villager (Male) ×5 |
| 13:16 | Build | Lumber Camp |
| 13:46 | Build | House |
| 13:47 | Build | House |
| 13:50 | Build | House |
| 13:51 | Build | House |
| 13:53 | Build | House |
| 13:54 | Build | House |
| 13:55 | Build | House |
| 13:56 | Build | House |
| 13:57 | Build | House |
| 13:59 | Build | House |
| 14:02 | Build | House |
| 14:08 | Build | Farm |
| 15:12 | Research | Double-Bit Axe |
| 16:11 | Create | Villager (Male) |
| 16:12 | Create | Villager (Male) |
| 16:12 | Create | Villager (Male) |
| 16:14 | Create | Villager (Male) |
| 16:20 | Build | Blacksmith |
| 16:32 | Build | Market |
| 16:36 | Research | Stone Mining |
| 16:37 | Research | Gold Mining |
| 16:41 | Build | Farm |
| 16:42 | Build | Farm |
| 16:42 | Build | Farm |
| 17:10 | Build | Farm |
| 17:33 | Build | Farm |
| 17:55 | Build | Farm |
| 17:58 | Create | Villager (Male) |
| 17:59 | Create | Villager (Male) |
| 18:04 | Research | Horse Collar |
| 18:14 | Build | House |
| 18:15 | Build | House |
| 18:16 | Build | House |
| 18:18 | Build | House |
| 18:21 | Build | House |
| 18:22 | Build | House |
| 18:25 | Build | House |
| 18:29 | Build | House |
| 18:31 | Build | House |
| 18:32 | Build | House |
| 18:33 | Build | House |
| 18:40 | Build | Farm |
| 18:59 | Research | Castle Age |
| 19:02 | Build | Farm |
| 19:08 | Build | House |
| 19:11 | Build | House |
| 19:12 | Build | House |
| 19:14 | Build | House |
| 19:15 | Build | House |
| 19:16 | Build | House |
| 19:17 | Build | House |
| 19:19 | Build | House |
| 19:45 | Build | Barracks |
| 20:01 | Research | Forging |
| 20:02 | Research | Fletching |
| 20:46 | Build | Lumber Camp |
| 21:13 | Build | Farm |
| 21:13 | Build | Farm |
| 21:14 | Build | Farm |
| 21:15 | Build | Farm |
| 21:34 | Create | Villager (Male) ×5 |
| 21:39 | Age | Castle Age |
| 21:47 | Build | Castle |
| 21:51 | Research | Heavy Plow |
| 22:15 | Research | Bow Saw |
| 23:14 | Build | Town Center |
| 23:25 | Create | Villager (Male) ×5 |
| 23:44 | Build | Farm |
| 23:45 | Build | Farm |
| 23:46 | Build | Farm |
| 23:46 | Build | Farm |
| 24:00 | Create | Mameluke ×2 |
| 24:15 | Build | Lumber Camp |
| 25:00 | Build | Gate |
| 25:03 | Build | House |
| 25:08 | Build | House |
| 25:10 | Build | House |
| 25:12 | Build | House |
| 25:14 | Build | House |
| 25:16 | Build | House |
| 25:17 | Build | House |
| 25:22 | Build | House |
| 25:24 | Build | House |
| 25:32 | Build | Stone Wall |
| 25:42 | Create | Mameluke |
| 25:47 | Create | Villager (Male) ×5 |
| 25:59 | Create | Villager (Male) ×5 |
| 26:00 | Create | Villager (Male) ×5 |
| 26:36 | Build | Market |
| 26:38 | Build | Market |
| 26:39 | Build | Market |
| 26:42 | Build | Market |
| 26:43 | Build | Market |
| 27:07 | Research | Gold Shaft Mining |
| 27:35 | Build | Town Center |
| 27:44 | Research | Scale Barding Armor |
| 27:46 | Research | Bodkin Arrow |
| 28:10 | Research | Caravan |
| 28:46 | Create | Villager (Male) ×5 |
| 28:47 | Create | Villager (Male) |
| 28:57 | Build | Farm |
| 29:07 | Create | Villager (Male) ×3 |
| 29:22 | Create | Trade Cart ×5 |
| 29:25 | Create | Trade Cart |
| 29:54 | Build | Farm |
| 29:57 | Build | Farm |
| 30:19 | Build | Castle |
| 30:28 | Create | Villager (Male) ×5 |
| 30:29 | Create | Villager (Male) ×5 |
Build order — Bantum
62 actions detected in the replay
| 0:02 | Create | Villager (Male) |
| 0:02 | Create | Villager (Male) |
| 0:02 | Create | Villager (Male) |
| 0:05 | Build | House |
| 0:11 | Research | Loom |
| 0:12 | Create | Villager (Male) |
| 0:12 | Create | Villager (Male) |
| 0:21 | Build | House |
| 0:46 | Build | House |
| 0:53 | Build | House |
| 0:54 | Build | House |
| 0:58 | Create | Villager (Male) |
| 0:58 | Create | Villager (Male) |
| 1:46 | Create | Villager (Male) |
| 1:46 | Create | Villager (Male) |
| 2:00 | Build | Lumber Camp |
| 2:33 | Create | Villager (Male) |
| 2:33 | Create | Villager (Male) |
| 3:04 | Create | Villager (Male) |
| 3:04 | Create | Villager (Male) |
| 3:29 | Create | Villager (Male) |
| 4:02 | Create | Villager (Male) |
| 4:34 | Create | Villager (Male) |
| 4:34 | Create | Villager (Male) |
| 5:10 | Create | Villager (Male) |
| 5:51 | Create | Villager (Male) |
| 5:51 | Create | Villager (Male) |
| 6:12 | Create | Villager (Male) |
| 6:43 | Create | Villager (Male) |
| 7:10 | Create | Villager (Male) |
| 7:12 | Research | Double-Bit Axe |
| 7:20 | Create | Villager (Male) |
| 8:04 | Build | Mill |
| 8:06 | Research | Wheelbarrow |
| 8:08 | Create | Villager (Male) |
| 8:17 | Create | Villager (Male) |
| 8:32 | Create | Villager (Male) |
| 8:49 | Build | Mining Camp |
| 9:12 | Build | Mill |
| 9:51 | Create | Villager (Male) |
| 10:11 | Create | Villager (Male) |
| 10:22 | Create | Villager (Male) |
| 10:51 | Build | Dock |
| 10:55 | Build | Lumber Camp |
| 10:59 | Create | Villager (Male) |
| 11:04 | Build | Lumber Camp |
| 11:12 | Build | House |
| 11:14 | Build | House |
| 11:21 | Create | Fishing Ship |
| 11:40 | Research | Feudal Age |
| 12:04 | Create | Villager (Male) |
| 12:19 | Create | Fishing Ship |
| 12:19 | Create | Fishing Ship |
| 12:23 | Create | Villager (Male) |
| 12:59 | Create | Fishing Ship |
| 13:00 | Create | Fishing Ship |
| 13:50 | Create | Fishing Ship |
| 14:10 | Age | Feudal Age |
| 14:30 | Create | Villager (Male) |
| 14:48 | Create | Villager (Male) |
| 14:55 | Create | Fishing Ship |
| 15:16 | Build | Lumber Camp |
Build order — massimo_oddo
First 150 of 425 actions detected
| 0:02 | Create | Villager (Male) ×4 |
| 0:02 | Create | Villager (Male) ×4 |
| 0:04 | Build | House |
| 0:05 | Build | House |
| 1:30 | Create | Villager (Male) |
| 1:30 | Create | Villager (Male) |
| 1:55 | Build | Lumber Camp |
| 1:58 | Create | Villager (Male) |
| 2:19 | Create | Villager (Male) |
| 2:55 | Create | Villager (Male) |
| 2:55 | Create | Villager (Male) |
| 3:15 | Create | Villager (Male) |
| 3:40 | Create | Villager (Male) |
| 3:50 | Build | Mill |
| 4:11 | Create | Villager (Male) |
| 4:15 | Build | House |
| 4:32 | Create | Villager (Male) |
| 4:50 | Create | Villager (Male) |
| 5:14 | Create | Villager (Male) |
| 5:32 | Build | House |
| 5:42 | Create | Villager (Male) |
| 5:49 | Create | Villager (Male) |
| 6:02 | Build | Farm |
| 6:29 | Create | Villager (Male) |
| 6:56 | Build | Farm |
| 7:07 | Create | Villager (Male) |
| 7:36 | Research | Loom |
| 7:51 | Build | Lumber Camp |
| 8:03 | Research | Feudal Age |
| 8:23 | Create | Villager (Male) |
| 8:24 | Create | Villager (Male) |
| 8:36 | Create | Villager (Male) |
| 8:43 | Create | Villager (Male) |
| 8:48 | Create | Villager (Male) |
| 9:02 | Build | Mining Camp |
| 9:25 | Research | Feudal Age |
| 9:32 | Build | House |
| 10:21 | Build | Barracks |
| 11:04 | Build | Farm |
| 11:11 | Create | Villager (Male) |
| 11:48 | Age | Feudal Age |
| 11:53 | Build | Stable |
| 11:57 | Research | Double-Bit Axe |
| 12:00 | Create | Villager (Male) |
| 12:03 | Build | Farm |
| 12:04 | Build | Farm |
| 12:09 | Create | Villager (Male) |
| 12:13 | Create | Villager (Male) |
| 12:17 | Build | Farm |
| 12:26 | Build | House |
| 12:33 | Build | Farm |
| 12:34 | Create | Villager (Male) |
| 12:38 | Create | Scout Cavalry |
| 12:39 | Create | Scout Cavalry |
| 12:45 | Create | Spearman |
| 12:47 | Create | Villager (Male) |
| 12:54 | Build | House |
| 13:03 | Create | Villager (Male) |
| 13:11 | Research | Horse Collar |
| 13:11 | Research | Horse Collar |
| 13:36 | Create | Villager (Male) |
| 13:40 | Build | Farm |
| 13:50 | Build | Farm |
| 13:57 | Build | Farm |
| 14:07 | Build | Farm |
| 14:13 | Create | Spearman |
| 14:25 | Build | Farm |
| 14:26 | Build | Farm |
| 14:52 | Build | Farm |
| 14:58 | Create | Villager (Male) |
| 15:07 | Build | House |
| 15:18 | Build | Farm |
| 15:19 | Build | Farm |
| 15:22 | Create | Villager (Male) |
| 15:39 | Build | Dock |
| 15:54 | Build | Farm |
| 15:56 | Create | Villager (Male) |
| 16:11 | Create | Villager (Male) |
| 16:42 | Create | Fishing Ship |
| 16:43 | Research | Tech 906 |
| 16:44 | Create | Fishing Ship |
| 16:44 | Create | Fishing Ship |
| 17:02 | Create | Villager (Male) |
| 17:03 | Research | Wheelbarrow |
| 17:07 | Create | Villager (Male) |
| 17:09 | Build | House |
| 17:11 | Build | House |
| 17:13 | Build | House |
| 17:14 | Build | House |
| 17:56 | Create | Villager (Male) |
| 18:13 | Build | Market |
| 18:37 | Create | Fishing Ship |
| 18:37 | Create | Fishing Ship |
| 18:55 | Create | Villager (Male) |
| 19:08 | Research | Castle Age |
| 19:39 | Create | Fishing Ship |
| 19:49 | Research | Gold Mining |
| 19:53 | Build | Stable |
| 20:24 | Create | Villager (Male) |
| 20:28 | Research | Bloodlines |
| 20:43 | Build | Blacksmith |
| 20:55 | Create | Fishing Ship |
| 20:55 | Create | Fishing Ship |
| 21:02 | Research | Stone Mining |
| 21:19 | Create | Fishing Ship |
| 21:22 | Create | Villager (Male) |
| 21:31 | Build | Farm |
| 21:42 | Create | Villager (Male) |
| 21:49 | Age | Castle Age |
| 21:51 | Create | Villager (Male) |
| 21:54 | Research | Scale Barding Armor |
| 21:55 | Create | Knight |
| 21:55 | Create | Knight |
| 22:04 | Create | Villager (Male) |
| 22:13 | Build | Town Center |
| 22:14 | Create | Villager (Male) |
| 22:17 | Create | Villager (Male) |
| 22:29 | Create | Villager (Male) |
| 22:37 | Build | Town Center |
| 22:38 | Create | Villager (Male) |
| 22:48 | Create | Villager (Male) |
| 23:00 | Create | Knight |
| 23:00 | Create | Knight |
| 23:01 | Create | Villager (Male) |
| 23:08 | Create | Villager (Male) |
| 23:08 | Create | Villager (Male) |
| 23:20 | Create | Knight |
| 23:20 | Create | Knight |
| 23:22 | Research | Chain Barding Armor |
| 23:23 | Create | Villager (Male) |
| 23:25 | Create | Villager (Male) |
| 23:32 | Create | Villager (Male) |
| 23:33 | Create | Villager (Male) |
| 23:41 | Create | Villager (Male) |
| 23:47 | Build | Farm |
| 23:47 | Build | Farm |
| 23:47 | Build | Farm |
| 23:54 | Create | Villager (Male) |
| 24:00 | Create | Knight |
| 24:00 | Create | Knight |
| 24:01 | Create | Villager (Male) |
| 24:01 | Create | Villager (Male) |
| 24:22 | Create | Scout Cavalry |
| 24:23 | Create | Knight |
| 24:23 | Create | Knight |
| 24:25 | Research | Forging |
| 24:30 | Build | Dock |
| 24:31 | Create | Villager (Male) |
| 24:34 | Build | Farm |
| 24:43 | Create | Villager (Male) |
Build order — GotYah420
First 150 of 362 actions detected
| 0:03 | Build | House |
| 0:04 | Build | House |
| 0:05 | Build | House |
| 0:09 | Create | Villager (Male) |
| 0:09 | Create | Villager (Male) |
| 0:35 | Create | Villager (Male) |
| 0:35 | Create | Villager (Male) |
| 0:35 | Create | Villager (Male) |
| 1:50 | Create | Villager (Male) |
| 2:07 | Build | Lumber Camp |
| 2:10 | Create | Villager (Male) |
| 2:10 | Create | Villager (Male) |
| 2:47 | Create | Villager (Male) |
| 2:47 | Create | Villager (Male) |
| 3:20 | Create | Villager (Male) |
| 3:43 | Create | Villager (Male) |
| 4:09 | Create | Villager (Male) |
| 4:47 | Create | Villager (Male) |
| 4:47 | Create | Villager (Male) |
| 4:52 | Build | Mill |
| 5:23 | Create | Villager (Male) |
| 5:44 | Create | Villager (Male) |
| 6:06 | Create | Villager (Male) |
| 6:11 | Build | House |
| 6:40 | Create | Villager (Male) |
| 6:58 | Create | Villager (Male) |
| 7:19 | Create | Villager (Male) |
| 7:48 | Create | Villager (Male) |
| 7:50 | Create | Villager (Male) |
| 7:57 | Build | Farm |
| 7:59 | Build | Farm |
| 8:00 | Build | Farm |
| 8:50 | Research | Loom |
| 9:19 | Research | Feudal Age |
| 9:37 | Build | Barracks |
| 9:46 | Build | House |
| 10:49 | Create | Villager (Male) |
| 10:49 | Create | Villager (Male) |
| 11:15 | Build | Palisade Wall |
| 11:32 | Age | Feudal Age |
| 11:39 | Build | Stable |
| 11:53 | Build | Blacksmith |
| 11:59 | Create | Villager (Male) |
| 13:20 | Build | Dock |
| 13:41 | Create | Scout Cavalry |
| 13:41 | Create | Scout Cavalry |
| 13:41 | Create | Scout Cavalry |
| 13:42 | Create | Scout Cavalry |
| 13:50 | Create | Villager (Male) |
| 13:51 | Create | Villager (Male) |
| 14:02 | Build | Mining Camp |
| 14:06 | Build | House |
| 14:18 | Build | Palisade Wall |
| 14:31 | Create | Villager (Male) |
| 14:49 | Build | House |
| 14:53 | Build | House |
| 14:59 | Build | Palisade Wall |
| 14:59 | Build | Palisade Wall |
| 15:22 | Create | Villager (Male) |
| 15:58 | Create | Villager (Male) |
| 16:01 | Create | Villager (Male) |
| 16:19 | Create | Fishing Ship |
| 16:19 | Create | Fishing Ship |
| 16:20 | Create | Fishing Ship |
| 16:38 | Build | House |
| 16:42 | Create | Villager (Male) |
| 16:49 | Build | Farm |
| 16:50 | Build | Farm |
| 16:50 | Build | Farm |
| 16:50 | Build | Farm |
| 16:53 | Build | Farm |
| 17:19 | Research | Castle Age |
| 17:42 | Create | Fishing Ship |
| 17:44 | Build | Farm |
| 17:47 | Build | Farm |
| 17:50 | Research | Double-Bit Axe |
| 18:20 | Build | Stone Wall |
| 18:29 | Build | Stone Wall |
| 18:41 | Build | Palisade Wall |
| 18:49 | Create | Fishing Ship |
| 19:01 | Research | Bloodlines |
| 19:19 | Research | Scale Barding Armor |
| 19:21 | Create | Villager (Male) |
| 19:22 | Create | Villager (Male) |
| 19:22 | Create | Villager (Male) |
| 19:59 | Age | Castle Age |
| 20:12 | Build | Archery Range |
| 20:16 | Create | Villager (Male) |
| 20:16 | Create | Villager (Male) |
| 20:21 | Research | Horse Collar |
| 20:27 | Build | Lumber Camp |
| 20:34 | Research | Fletching |
| 20:44 | Create | Fishing Ship |
| 20:44 | Create | Fishing Ship |
| 20:54 | Research | Tech 906 |
| 21:12 | Build | Mining Camp |
| 21:18 | Build | House |
| 21:20 | Build | House |
| 21:33 | Build | Palisade Wall |
| 21:39 | Research | Bow Saw |
| 21:44 | Research | Gold Mining |
| 21:49 | Create | Cavalry Archer ×3 |
| 21:50 | Create | Cavalry Archer ×3 |
| 22:06 | Create | Villager (Male) |
| 22:06 | Create | Villager (Male) |
| 22:29 | Research | Gillnets |
| 22:35 | Build | Farm |
| 22:36 | Build | Farm |
| 22:36 | Build | Farm |
| 22:43 | Create | Cavalry Archer |
| 22:43 | Create | Cavalry Archer |
| 22:43 | Create | Cavalry Archer |
| 22:50 | Build | House |
| 22:51 | Build | House |
| 23:16 | Research | Light Cavalry (upgrade) |
| 23:22 | Create | Cavalry Archer |
| 23:23 | Create | Cavalry Archer |
| 23:29 | Research | Padded Archer Armor |
| 23:39 | Create | Villager (Male) |
| 23:58 | Build | Town Center |
| 24:06 | Build | House |
| 24:06 | Build | House |
| 24:07 | Build | House |
| 24:07 | Build | House |
| 24:22 | Create | Cavalry Archer |
| 24:23 | Create | Cavalry Archer |
| 24:23 | Create | Cavalry Archer |
| 24:23 | Create | Cavalry Archer |
| 24:32 | Create | Villager (Male) |
| 24:32 | Create | Villager (Male) |
| 24:32 | Create | Villager (Male) |
| 24:42 | Build | Farm |
| 24:43 | Build | Farm |
| 24:47 | Build | Farm |
| 24:48 | Build | Farm |
| 24:48 | Build | Farm |
| 24:49 | Build | Farm |
| 24:52 | Create | Villager (Male) |
| 25:14 | Build | House |
| 25:15 | Build | House |
| 25:15 | Build | House |
| 25:23 | Research | Bodkin Arrow |
| 25:34 | Create | Scout Cavalry |
| 25:35 | Create | Scout Cavalry |
| 25:35 | Create | Scout Cavalry |
| 25:35 | Create | Scout Cavalry |
| 25:46 | Create | Villager (Male) |
| 26:18 | Build | Town Center |
| 26:24 | Build | House |
| 26:32 | Research | Chain Barding Armor |
Build order — Pedro
First 150 of 380 actions detected
| 0:01 | Create | Villager (Male) |
| 0:01 | Create | Villager (Male) |
| 0:03 | Build | House |
| 0:06 | Build | House |
| 0:54 | Create | Villager (Male) |
| 0:54 | Create | Villager (Male) |
| 1:39 | Create | Villager (Male) |
| 1:53 | Build | Lumber Camp |
| 2:04 | Create | Villager (Male) |
| 2:29 | Create | Villager (Male) |
| 3:03 | Create | Villager (Male) |
| 3:04 | Create | Villager (Male) |
| 3:23 | Create | Villager (Male) |
| 3:45 | Build | Mill |
| 3:58 | Create | Villager (Male) |
| 4:10 | Create | Villager (Male) |
| 4:37 | Create | Villager (Male) |
| 4:52 | Build | House |
| 4:57 | Build | House |
| 5:08 | Research | Loom |
| 5:13 | Create | Villager (Male) |
| 5:36 | Create | Villager (Male) |
| 6:04 | Build | Mill |
| 6:10 | Create | Villager (Male) |
| 6:22 | Create | Villager (Male) |
| 6:55 | Create | Villager (Male) |
| 6:57 | Create | Villager (Male) |
| 7:04 | Create | Villager (Male) |
| 7:31 | Build | Lumber Camp |
| 7:42 | Create | Villager (Male) |
| 8:22 | Build | House |
| 8:34 | Create | Villager (Male) |
| 9:04 | Build | Mill |
| 9:14 | Create | Villager (Male) |
| 9:14 | Create | Villager (Male) |
| 9:23 | Build | Farm |
| 9:50 | Build | Farm |
| 10:08 | Create | Villager (Male) |
| 10:09 | Create | Villager (Male) |
| 10:13 | Build | Farm |
| 10:14 | Create | Villager (Male) |
| 10:55 | Build | Mining Camp |
| 11:08 | Research | Feudal Age |
| 12:51 | Build | House |
| 13:27 | Create | Villager (Male) |
| 13:27 | Create | Villager (Male) |
| 13:33 | Age | Feudal Age |
| 13:43 | Build | Blacksmith |
| 13:48 | Build | Market |
| 14:34 | Research | Castle Age |
| 15:13 | Build | Mining Camp |
| 16:02 | Build | Farm |
| 16:04 | Build | Farm |
| 16:05 | Build | Farm |
| 16:06 | Build | Farm |
| 16:33 | Research | Wheelbarrow |
| 17:14 | Research | Double-Bit Axe |
| 17:14 | Age | Castle Age |
| 17:16 | Research | Horse Collar |
| 17:24 | Build | Town Center |
| 17:38 | Build | Town Center |
| 17:56 | Create | Villager (Male) |
| 18:18 | Research | Bow Saw |
| 18:32 | Create | Villager (Male) |
| 18:42 | Create | Villager (Male) |
| 18:42 | Create | Villager (Male) |
| 18:59 | Build | Farm |
| 19:16 | Create | Villager (Male) |
| 19:26 | Build | Farm |
| 19:27 | Build | Farm |
| 19:30 | Build | Farm |
| 19:33 | Build | Farm |
| 19:35 | Create | Villager (Male) |
| 19:45 | Create | Villager (Male) |
| 19:45 | Create | Villager (Male) |
| 19:46 | Create | Villager (Male) |
| 19:48 | Create | Villager (Male) |
| 19:53 | Create | Villager (Male) |
| 20:02 | Create | Villager (Male) |
| 20:03 | Create | Villager (Male) |
| 20:04 | Create | Villager (Male) |
| 20:11 | Build | Farm |
| 20:14 | Build | Farm |
| 20:18 | Create | Villager (Male) |
| 20:23 | Create | Villager (Male) |
| 20:24 | Create | Villager (Male) |
| 20:33 | Create | Villager (Male) |
| 20:54 | Create | Villager (Male) |
| 20:54 | Create | Villager (Male) |
| 20:59 | Build | Farm |
| 21:14 | Build | House |
| 21:27 | Build | Castle |
| 21:34 | Create | Villager (Male) |
| 21:35 | Create | Villager (Male) |
| 21:36 | Create | Villager (Male) |
| 21:39 | Build | House |
| 21:59 | Create | Villager (Male) |
| 22:00 | Create | Villager (Male) |
| 22:01 | Create | Villager (Male) |
| 22:07 | Build | Farm |
| 22:12 | Build | Farm |
| 22:14 | Build | Farm |
| 22:15 | Build | Farm |
| 22:19 | Build | Farm |
| 22:21 | Create | Villager (Male) |
| 22:21 | Create | Villager (Male) |
| 22:21 | Create | Villager (Male) |
| 22:24 | Build | House |
| 22:26 | Build | House |
| 22:26 | Build | House |
| 22:28 | Build | House |
| 22:28 | Build | House |
| 22:30 | Build | House |
| 22:32 | Build | House |
| 22:34 | Create | Villager (Male) |
| 22:34 | Create | Villager (Male) |
| 22:35 | Create | Villager (Male) |
| 22:41 | Build | Farm |
| 22:43 | Create | Villager (Male) |
| 22:49 | Build | Farm |
| 22:51 | Create | Villager (Male) |
| 22:53 | Create | Villager (Male) |
| 22:59 | Create | Villager (Male) |
| 23:07 | Create | Villager (Male) |
| 23:14 | Create | Mangudai |
| 23:15 | Create | Mangudai |
| 23:18 | Create | Mangudai |
| 23:21 | Build | Mining Camp |
| 23:23 | Create | Villager (Male) |
| 23:24 | Create | Villager (Male) |
| 23:39 | Create | Villager (Male) |
| 23:41 | Create | Villager (Male) |
| 23:42 | Create | Villager (Male) |
| 23:47 | Build | Farm |
| 23:53 | Build | Farm |
| 23:54 | Build | Farm |
| 23:56 | Build | Farm |
| 23:57 | Build | Farm |
| 24:07 | Build | Farm |
| 24:08 | Build | Farm |
| 24:10 | Build | Farm |
| 24:11 | Build | Farm |
| 24:13 | Create | Villager (Male) |
| 24:14 | Create | Villager (Male) |
| 24:17 | Build | Farm |
| 24:20 | Create | Villager (Male) |
| 24:21 | Research | Heavy Plow |
| 24:23 | Create | Villager (Male) |
| 24:36 | Build | Farm |
| 24:42 | Create | Villager (Male) |
Match timeline
| 7:17 | GIntonic8989 · wall_segment Palisade Wall x10 |
| 7:20 | GIntonic8989 · wall_segment Palisade Wall x14 |
| 8:34 | GIntonic8989 · wall_segment Palisade Wall x15 |
| 9:05 | cjds · first_building Barracks |
| 9:13 | GIntonic8989 · wall_segment Palisade Wall x27 |
| 9:26 | TheSaiyanPR1NC3 · first_building Barracks |
| 9:37 | GotYah420 · first_building Barracks |
| 10:21 | massimo_oddo · first_building Barracks |
| 10:28 | TheSaiyanPR1NC3 · first_building Dock |
| 10:51 | Bantum · first_building Dock |
| 11:12 | cjds · age_up feudal |
| 11:15 | GotYah420 · wall_segment Palisade Wall x8 |
| 11:22 | cjds · first_building Archery Range |
| 11:32 | GotYah420 · age_up feudal |
| 11:39 | GotYah420 · first_building Stable |
| 11:48 | massimo_oddo · age_up feudal |
| 11:52 | Sumerian · age_up feudal |
| 11:53 | massimo_oddo · first_building Stable |
| 11:56 | GIntonic8989 · wall_segment Palisade Wall x10 |
| 11:57 | TheSaiyanPR1NC3 · age_up feudal |
| 12:03 | GIntonic8989 · wall_segment Palisade Wall x9 |
| 12:18 | GIntonic8989 · age_up feudal |
| 13:20 | GotYah420 · first_building Dock |
| 13:33 | Pedro · age_up feudal |
| 14:04 | GIntonic8989 · wall_segment Palisade Wall x7 |
| 14:10 | Bantum · age_up feudal |
| 14:18 | GotYah420 · wall_segment Palisade Wall x1 |
| 14:53 | GIntonic8989 · wall_segment Palisade Wall x9 |
| 14:59 | GotYah420 · wall_segment Palisade Wall x16 |
| 14:59 | GotYah420 · wall_segment Palisade Wall x1 |
| 15:08 | TheSaiyanPR1NC3 · age_up castle |
| 15:26 | Bantum · resign |
| 15:39 | massimo_oddo · first_building Dock |
| 16:28 | cjds · wall_segment Palisade Wall x3 |
| 16:38 | TheSaiyanPR1NC3 · first_building Stable |
| 17:14 | Pedro · age_up castle |
| 17:20 | cjds · wall_segment Palisade Wall x5 |
| 17:23 | GIntonic8989 · age_up castle |
| 18:20 | GotYah420 · wall_segment Stone Wall x14 |
| 18:29 | GotYah420 · wall_segment Stone Wall x10 |
| 18:41 | GotYah420 · wall_segment Palisade Wall x21 |
| 18:49 | Sumerian · first_market_buy 100 food |
| 18:52 | Sumerian · first_market_sell 100 wood |
| 19:44 | Pedro · first_market_buy 100 food |
| 19:45 | Sumerian · first_building Barracks |
| 19:59 | GotYah420 · age_up castle |
| 20:12 | GotYah420 · first_building Archery Range |
| 20:15 | cjds · first_market_buy 100 food |
| 20:22 | cjds · wall_segment Stone Wall x15 |
| 20:55 | cjds · first_building Dock |
| 21:27 | Pedro · first_building Castle |
| 21:33 | GotYah420 · wall_segment Palisade Wall x2 |
| 21:39 | Sumerian · age_up castle |
| 21:47 | Sumerian · first_building Castle |
| 21:48 | GIntonic8989 · first_building Castle |
| 21:49 | massimo_oddo · age_up castle |
| 22:09 | massimo_oddo · first_market_buy 100 wood |
| 22:10 | cjds · wall_segment Stone Wall x1 |
| 22:21 | cjds · wall_segment Stone Wall x8 |
| 23:31 | cjds · age_up castle |
| 24:01 | cjds · wall_segment Palisade Wall x1 |
| 25:09 | cjds · first_building Monastery |
| 25:30 | TheSaiyanPR1NC3 · first_building Monastery |
| 25:32 | Sumerian · wall_segment Stone Wall x8 |
| 25:43 | Pedro · first_building Barracks |
| 26:53 | Pedro · first_building Stable |
| 27:06 | Pedro · first_market_sell 100 food |
| 27:23 | GIntonic8989 · first_building Barracks |
| 27:35 | cjds · first_market_sell 100 stone |
| 28:50 | massimo_oddo · wall_segment Stone Wall x16 |
| 29:13 | TheSaiyanPR1NC3 · first_building Archery Range |
| 29:39 | massimo_oddo · first_market_sell 100 food |
| 30:40 | GIntonic8989 · first_building Stable |
| 30:42 | Pedro · age_up imperial |
| 31:44 | massimo_oddo · first_building Monastery |
| 32:09 | GotYah420 · first_building Castle |
| 32:50 | Pedro · first_building Monastery |
| 32:57 | massimo_oddo · first_building Castle |
| 33:13 | massimo_oddo · wall_segment Stone Wall x6 |
| 33:19 | massimo_oddo · wall_segment Stone Wall x2 |
| 33:20 | massimo_oddo · wall_segment Stone Wall x3 |
| 33:23 | TheSaiyanPR1NC3 · first_building Castle |
| 33:25 | GIntonic8989 · first_market_sell 500 food |
| 33:50 | cjds · first_building Castle |
| 35:38 | cjds · wall_segment Stone Wall x61 |
| 37:30 | GotYah420 · first_market_sell 100 food |
| 38:04 | massimo_oddo · age_up imperial |
| 38:17 | TheSaiyanPR1NC3 · wall_segment Stone Wall x25 |
| 38:32 | Sumerian · first_building Monastery |
| 38:44 | GotYah420 · age_up imperial |
| 38:56 | Sumerian · first_building Stable |
| 39:03 | TheSaiyanPR1NC3 · wall_segment Stone Wall x20 |
| 39:04 | Sumerian · first_building Archery Range |
| 39:11 | Sumerian · first_building Siege Workshop |
| 40:38 | GotYah420 · first_market_buy 100 stone |
| 41:31 | Sumerian · age_up imperial |
| 41:41 | GIntonic8989 · age_up imperial |
| 42:24 | cjds · wall_segment Stone Wall x12 |
| 43:23 | TheSaiyanPR1NC3 · wall_segment Stone Wall x1 |
| 43:47 | cjds · age_up imperial |
[ AI ANALYSIS · 1 CREDIT ]
What really happened in this match?
Wolo.gg analyzes every decision: build order, eco, micro, common mistakes by bracket. Personalized analysis on WhatsApp or Discord in 30 seconds.
Civ guide
Persians
Map guide
MegaRandom
Perfil
TheSaiyanPR1NC3